[ PARTIDA AOE2 · #473902094 ]
Team RMMapuche vs Ethiopians
[ ANÁLISIS DE REPETICIÓN · EXTRAÍDO DE LA PARTIDA GRABADA ]
Feudal
11:16
Castillos
22:13
Imperial
—
| APM promedio | 48.0 |
| APM pico | 100 |
| eAPM promedio | 27.1 |
| Aldeanos / militares | 62 / 9 |
Foco
⚔️ 38.2% · 🌾 61.8%
Unknown (2550) ×14 · Skirmisher ×6 · Spearman ×3
Feudal
12:37
Castillos
16:44
Imperial
—
| APM promedio | 40.0 |
| APM pico | 130 |
| eAPM promedio | 22.7 |
| Aldeanos / militares | 42 / 9 |
Foco
⚔️ 19.4% · 🌾 80.6%
Archer ×6 · Skirmisher ×3
Feudal
12:45
Castillos
16:56
Imperial
—
| APM promedio | 33.9 |
| APM pico | 59 |
| eAPM promedio | 14.9 |
| Aldeanos / militares | 45 / 43 |
Foco
⚔️ 38.1% · 🌾 61.9%
Longbowman ×32 · Battering Ram ×8 · Monk ×3
Feudal
11:31
Castillos
15:36
Imperial
—
| APM promedio | 42.1 |
| APM pico | 73 |
| eAPM promedio | 22.7 |
| Aldeanos / militares | 101 / 7 |
Foco
⚔️ 20.7% · 🌾 79.3%
Scorpion ×7
Mapa de la partida
Recursos iniciales + cada clic de construcción. Líneas = muros · curvas = relieve. ◆ oro · ⬟ piedra · ● bayas · ✦ reliquia · ◌ hueco del cierre
Tu base· ✓ Cerrada en 22:13 · 37t muro · sin puerta
Base de Razer1286· Abierta — el rival se encerró
Base de Bunjobia· ✓ Cerrada en 16:56 · 40t muro · sin puerta
Base de N4Fis· Abierta — el rival se encerró
Terreno inicial suavizado · ◌ = hueco del cierre detectado · pasá el cursor para detalles
Inputs por minuto
— :) - - Razer1286
Build order — :)
138 acciones detectadas en el replay
| 0:00 | Crear | Villager (Male) ×4 |
| 0:01 | Construir | House |
| 0:02 | Construir | House |
| 0:41 | Investigar | Loom |
| 0:44 | Crear | Villager (Male) |
| 0:44 | Crear | Villager (Male) |
| 0:44 | Crear | Villager (Male) |
| 1:08 | Construir | Palisade Wall |
| 1:15 | Construir | Palisade Wall |
| 1:58 | Construir | Palisade Wall |
| 2:06 | Crear | Villager (Male) |
| 2:06 | Crear | Villager (Male) |
| 2:34 | Construir | Palisade Wall |
| 2:41 | Crear | Villager (Male) |
| 2:41 | Crear | Villager (Male) |
| 3:05 | Crear | Villager (Male) |
| 3:05 | Crear | Villager (Male) |
| 3:39 | Crear | Villager (Male) |
| 3:39 | Crear | Villager (Male) |
| 3:39 | Crear | Villager (Male) |
| 3:46 | Construir | House |
| 4:11 | Crear | Villager (Male) |
| 4:11 | Crear | Villager (Male) |
| 4:11 | Crear | Villager (Male) |
| 4:39 | Crear | Villager (Male) |
| 4:39 | Crear | Villager (Male) |
| 4:39 | Crear | Villager (Male) |
| 4:53 | Construir | Settlement |
| 5:00 | Crear | Villager (Male) |
| 5:01 | Crear | Villager (Male) |
| 5:41 | Crear | Villager (Male) |
| 5:42 | Crear | Villager (Male) |
| 5:52 | Crear | Villager (Male) |
| 6:04 | Crear | Villager (Male) |
| 6:04 | Crear | Villager (Male) |
| 6:24 | Crear | Villager (Male) |
| 7:37 | Crear | Villager (Male) |
| 7:43 | Crear | Villager (Male) |
| 8:28 | Construir | Barracks |
| 8:29 | Crear | Villager (Male) |
| 9:06 | Investigar | Feudal Age |
| 9:55 | Construir | Settlement |
| 9:58 | Crear | Villager (Male) |
| 10:25 | Crear | Unit 2550 |
| 10:25 | Crear | Unit 2550 |
| 11:03 | Construir | Barracks |
| 11:10 | Construir | Palisade Wall |
| 11:16 | Edad | Edad Feudal |
| 11:22 | Crear | Spearman |
| 11:24 | Crear | Skirmisher |
| 11:25 | Crear | Skirmisher |
| 11:27 | Crear | Unit 2550 |
| 11:27 | Crear | Unit 2550 |
| 11:33 | Investigar | Tech 1402 |
| 11:37 | Crear | Villager (Male) |
| 11:42 | Crear | Villager (Male) |
| 11:56 | Crear | Unit 2550 |
| 11:58 | Crear | Unit 2550 |
| 12:04 | Construir | House |
| 12:06 | Construir | House |
| 12:08 | Crear | Skirmisher |
| 12:08 | Crear | Skirmisher |
| 12:13 | Crear | Skirmisher |
| 12:14 | Crear | Skirmisher |
| 12:16 | Crear | Villager (Male) |
| 12:25 | Construir | House |
| 12:34 | Crear | Unit 2550 |
| 12:34 | Crear | Unit 2550 |
| 12:46 | Construir | House |
| 12:56 | Crear | Villager (Male) |
| 12:56 | Crear | Villager (Male) |
| 13:03 | Crear | Unit 2550 |
| 13:03 | Crear | Unit 2550 |
| 13:44 | Construir | House |
| 13:45 | Crear | Unit 2550 |
| 13:45 | Crear | Unit 2550 |
| 14:05 | Construir | Blacksmith |
| 14:24 | Crear | Villager (Male) |
| 14:26 | Construir | Farm |
| 14:29 | Crear | Villager (Male) |
| 14:55 | Crear | Villager (Male) |
| 14:57 | Investigar | Scale Mail Armor |
| 15:19 | Crear | Villager (Male) |
| 15:43 | Construir | Farm |
| 15:43 | Construir | Farm |
| 15:43 | Construir | Farm |
| 15:43 | Construir | Farm |
| 15:44 | Construir | Farm |
| 15:44 | Construir | Farm |
| 15:44 | Construir | Farm |
| 15:48 | Construir | Farm |
| 15:53 | Crear | Unit 2550 |
| 15:53 | Crear | Unit 2550 |
| 16:13 | Construir | Farm |
| 16:34 | Construir | Farm |
| 16:38 | Crear | Spearman |
| 16:38 | Crear | Spearman |
| 17:28 | Construir | Farm |
| 17:28 | Construir | Farm |
| 17:28 | Construir | Farm |
| 17:31 | Construir | Farm |
| 17:31 | Construir | Farm |
| 17:31 | Construir | Farm |
| 17:56 | Construir | Farm |
| 18:38 | Construir | Market |
| 19:23 | Construir | Stone Wall |
| 19:33 | Investigar | Castle Age |
| 19:33 | Investigar | Castle Age |
| 20:28 | Investigar | Forging |
| 21:03 | Construir | Farm |
| 21:04 | Construir | Farm |
| 21:04 | Construir | Farm |
| 21:04 | Construir | Farm |
| 21:38 | Crear | Villager (Male) |
| 21:38 | Crear | Villager (Male) |
| 22:13 | Edad | Edad de los Castillos |
| 22:15 | Construir | Town Center |
| 22:23 | Construir | Town Center |
| 22:29 | Crear | Villager (Male) |
| 22:29 | Crear | Villager (Male) |
| 23:32 | Crear | Villager (Male) |
| 23:32 | Crear | Villager (Male) |
| 23:32 | Crear | Villager (Male) |
| 23:32 | Crear | Villager (Male) |
| 23:33 | Crear | Villager (Male) |
| 23:33 | Crear | Villager (Male) |
| 23:34 | Crear | Villager (Male) |
| 23:37 | Construir | Farm |
| 23:37 | Construir | Farm |
| 23:58 | Crear | Villager (Male) |
| 23:58 | Crear | Villager (Male) |
| 24:11 | Crear | Villager (Male) |
| 24:11 | Crear | Villager (Male) |
| 24:52 | Crear | Villager (Male) |
| 24:52 | Crear | Villager (Male) |
| 24:59 | Construir | Town Center |
| 25:02 | Crear | Villager (Male) |
| 25:03 | Crear | Villager (Male) |
Build order — Razer1286
109 acciones detectadas en el replay
| 0:00 | Crear | Villager (Male) |
| 0:01 | Crear | Villager (Male) |
| 0:02 | Construir | House |
| 0:03 | Construir | House |
| 0:23 | Investigar | Loom |
| 0:48 | Crear | Villager (Male) |
| 0:49 | Crear | Villager (Male) |
| 0:49 | Crear | Villager (Male) |
| 1:08 | Construir | Palisade Wall |
| 1:50 | Crear | Villager (Male) |
| 2:07 | Construir | Lumber Camp |
| 2:33 | Crear | Villager (Male) |
| 2:55 | Crear | Villager (Male) |
| 3:21 | Crear | Villager (Male) |
| 3:55 | Crear | Villager (Male) |
| 4:14 | Construir | House |
| 4:22 | Crear | Villager (Male) |
| 4:25 | Crear | Villager (Male) |
| 5:26 | Crear | Villager (Male) |
| 5:40 | Construir | Mill |
| 6:01 | Construir | Palisade Wall |
| 6:07 | Crear | Villager (Male) |
| 6:08 | Crear | Villager (Male) |
| 6:09 | Crear | Villager (Male) |
| 7:31 | Construir | House |
| 7:38 | Crear | Villager (Male) |
| 7:57 | Crear | Villager (Male) |
| 8:15 | Crear | Villager (Male) |
| 8:31 | Crear | Villager (Male) |
| 9:26 | Crear | Villager (Male) |
| 10:02 | Crear | Villager (Male) |
| 10:06 | Construir | Mining Camp |
| 10:20 | Investigar | Feudal Age |
| 11:17 | Crear | Villager (Male) |
| 11:17 | Crear | Villager (Male) |
| 11:28 | Construir | House |
| 12:37 | Edad | Edad Feudal |
| 12:50 | Construir | Blacksmith |
| 12:55 | Construir | Market |
| 13:27 | Construir | House |
| 13:33 | Crear | Villager (Male) |
| 13:36 | Construir | House |
| 13:43 | Construir | House |
| 13:55 | Construir | Watch Tower |
| 14:04 | Investigar | Castle Age |
| 15:44 | Construir | Farm |
| 15:44 | Construir | Farm |
| 15:44 | Construir | Farm |
| 15:44 | Construir | Farm |
| 15:54 | Construir | Barracks |
| 16:01 | Construir | House |
| 16:03 | Construir | House |
| 16:11 | Construir | Palisade Wall |
| 16:34 | Construir | Lumber Camp |
| 16:44 | Edad | Edad de los Castillos |
| 16:54 | Crear | Villager (Male) |
| 16:54 | Crear | Villager (Male) |
| 17:07 | Construir | Palisade Wall |
| 17:32 | Construir | Archery Range |
| 17:47 | Crear | Villager (Male) |
| 17:48 | Crear | Villager (Male) |
| 17:57 | Crear | Villager (Male) |
| 18:26 | Crear | Archer |
| 18:26 | Crear | Archer |
| 18:49 | Construir | Stone Wall |
| 19:14 | Construir | Farm |
| 19:16 | Construir | Farm |
| 19:20 | Construir | Farm |
| 19:31 | Crear | Villager (Male) |
| 19:37 | Crear | Villager (Male) |
| 19:39 | Investigar | Double-Bit Axe |
| 19:45 | Crear | Villager (Male) |
| 19:50 | Construir | House |
| 19:52 | Construir | House |
| 20:06 | Construir | House |
| 20:12 | Crear | Villager (Male) |
| 20:30 | Investigar | Fletching |
| 20:33 | Crear | Archer |
| 20:38 | Construir | Farm |
| 20:39 | Construir | Farm |
| 20:39 | Construir | Farm |
| 20:49 | Investigar | Bow Saw |
| 20:58 | Construir | Farm |
| 20:59 | Construir | Farm |
| 21:04 | Crear | Archer |
| 21:09 | Construir | Farm |
| 21:33 | Construir | Farm |
| 21:34 | Construir | Farm |
| 21:35 | Crear | Villager (Male) |
| 21:42 | Crear | Archer |
| 21:47 | Crear | Villager (Male) |
| 22:01 | Crear | Villager (Male) |
| 22:02 | Crear | Villager (Male) |
| 22:17 | Construir | Farm |
| 22:19 | Crear | Villager (Male) |
| 22:20 | Crear | Archer |
| 23:07 | Construir | House |
| 23:17 | Crear | Skirmisher |
| 23:17 | Crear | Skirmisher |
| 23:19 | Crear | Skirmisher |
| 23:33 | Construir | Stone Wall |
| 23:35 | Construir | Stone Wall |
| 23:45 | Crear | Villager (Male) |
| 23:46 | Crear | Villager (Male) |
| 24:14 | Construir | Stone Wall |
| 24:22 | Crear | Villager (Male) |
| 25:03 | Construir | Farm |
| 25:03 | Construir | Farm |
| 25:03 | Construir | Farm |
Build order — Bunjobia
108 acciones detectadas en el replay
| 0:01 | Crear | Villager (Male) ×4 |
| 0:01 | Crear | Villager (Male) ×4 |
| 0:17 | Construir | Palisade Wall |
| 0:27 | Construir | Palisade Wall |
| 0:47 | Crear | Villager (Male) |
| 0:47 | Crear | Villager (Male) |
| 0:48 | Crear | Villager (Male) |
| 0:48 | Crear | Villager (Male) |
| 0:48 | Crear | Villager (Male) |
| 0:48 | Crear | Villager (Male) |
| 0:51 | Construir | House |
| 1:43 | Construir | Palisade Wall |
| 2:01 | Construir | House |
| 2:32 | Crear | Villager (Male) |
| 2:33 | Crear | Villager (Male) |
| 3:06 | Crear | Villager (Male) |
| 3:07 | Crear | Villager (Male) |
| 3:43 | Crear | Villager (Male) |
| 3:44 | Crear | Villager (Male) |
| 3:44 | Crear | Villager (Male) |
| 3:55 | Crear | Villager (Male) |
| 3:55 | Crear | Villager (Male) |
| 4:25 | Crear | Villager (Male) |
| 4:25 | Crear | Villager (Male) |
| 4:32 | Crear | Villager (Male) |
| 4:32 | Crear | Villager (Male) |
| 4:32 | Crear | Villager (Male) |
| 4:37 | Construir | Lumber Camp |
| 5:34 | Construir | House |
| 5:46 | Crear | Villager (Male) |
| 5:46 | Crear | Villager (Male) |
| 5:46 | Crear | Villager (Male) |
| 6:36 | Crear | Villager (Male) |
| 6:37 | Crear | Villager (Male) |
| 7:40 | Crear | Villager (Male) |
| 7:55 | Construir | Mining Camp |
| 7:56 | Crear | Villager (Male) |
| 7:56 | Crear | Villager (Male) |
| 8:01 | Construir | House |
| 8:49 | Crear | Villager (Male) |
| 8:59 | Construir | Mining Camp |
| 9:00 | Crear | Villager (Male) |
| 9:09 | Construir | House |
| 9:22 | Crear | Villager (Male) |
| 10:23 | Construir | Mill |
| 10:25 | Investigar | Feudal Age |
| 12:45 | Edad | Edad Feudal |
| 12:47 | Construir | Market |
| 12:51 | Construir | Blacksmith |
| 14:16 | Investigar | Castle Age |
| 15:37 | Investigar | Stone Mining |
| 16:20 | Construir | Outpost |
| 16:56 | Edad | Edad de los Castillos |
| 16:58 | Construir | Castle |
| 17:02 | Construir | Monastery |
| 17:06 | Crear | Villager (Male) ×5 |
| 17:12 | Crear | Villager (Male) |
| 17:16 | Construir | House |
| 17:17 | Construir | House |
| 17:19 | Construir | House |
| 17:55 | Crear | Monk |
| 17:56 | Crear | Monk |
| 18:32 | Crear | Longbowman |
| 19:21 | Construir | Lumber Camp |
| 19:29 | Construir | House |
| 19:42 | Crear | Longbowman |
| 20:02 | Crear | Longbowman |
| 20:12 | Construir | Siege Workshop |
| 20:14 | Crear | Longbowman |
| 20:14 | Crear | Longbowman |
| 20:15 | Crear | Longbowman |
| 20:47 | Crear | Longbowman |
| 20:49 | Crear | Monk |
| 20:56 | Crear | Longbowman |
| 20:56 | Crear | Longbowman |
| 21:03 | Crear | Longbowman |
| 21:41 | Crear | Battering Ram |
| 21:41 | Crear | Battering Ram |
| 21:59 | Crear | Longbowman |
| 22:10 | Crear | Battering Ram |
| 22:11 | Crear | Longbowman |
| 22:11 | Crear | Longbowman |
| 22:12 | Crear | Longbowman |
| 22:12 | Crear | Longbowman |
| 22:28 | Crear | Battering Ram |
| 22:28 | Crear | Battering Ram |
| 22:51 | Crear | Longbowman |
| 22:52 | Crear | Longbowman |
| 22:52 | Crear | Longbowman |
| 22:52 | Crear | Longbowman |
| 23:07 | Crear | Longbowman |
| 23:07 | Crear | Longbowman |
| 23:07 | Crear | Longbowman |
| 23:08 | Crear | Longbowman |
| 23:23 | Crear | Longbowman |
| 23:23 | Crear | Longbowman |
| 23:23 | Crear | Longbowman |
| 23:38 | Crear | Longbowman |
| 23:38 | Crear | Longbowman |
| 23:38 | Crear | Longbowman |
| 24:06 | Investigar | Fletching |
| 24:28 | Crear | Longbowman |
| 24:29 | Crear | Longbowman |
| 24:36 | Crear | Longbowman |
| 24:45 | Crear | Battering Ram |
| 24:45 | Crear | Battering Ram |
| 24:46 | Crear | Battering Ram |
| 25:05 | Construir | Castle |
Build order — N4Fis
Primeras 150 de 174 acciones detectadas
| 0:01 | Crear | Villager (Male) |
| 0:02 | Construir | House |
| 0:03 | Construir | House |
| 0:06 | Crear | Villager (Male) |
| 0:06 | Crear | Villager (Male) |
| 0:10 | Crear | Villager (Male) |
| 0:10 | Crear | Villager (Male) |
| 0:13 | Crear | Villager (Male) |
| 0:13 | Crear | Villager (Male) |
| 0:13 | Crear | Villager (Male) |
| 0:21 | Investigar | Loom |
| 0:25 | Crear | Villager (Male) |
| 0:25 | Crear | Villager (Male) |
| 0:38 | Crear | Villager (Male) |
| 0:38 | Crear | Villager (Male) |
| 0:54 | Crear | Villager (Male) |
| 0:54 | Crear | Villager (Male) |
| 1:06 | Construir | Palisade Wall |
| 2:24 | Crear | Villager (Male) |
| 2:24 | Crear | Villager (Male) |
| 2:38 | Construir | Lumber Camp |
| 3:31 | Crear | Villager (Male) |
| 3:31 | Crear | Villager (Male) |
| 3:32 | Crear | Villager (Male) |
| 3:45 | Crear | Villager (Male) |
| 3:45 | Crear | Villager (Male) |
| 4:23 | Crear | Villager (Male) |
| 4:25 | Construir | House |
| 4:26 | Construir | House |
| 4:26 | Construir | House |
| 4:54 | Crear | Villager (Male) |
| 4:59 | Crear | Villager (Male) |
| 4:59 | Crear | Villager (Male) |
| 5:00 | Construir | House |
| 5:15 | Crear | Villager (Male) |
| 5:15 | Crear | Villager (Male) |
| 5:34 | Crear | Villager (Male) |
| 5:35 | Crear | Villager (Male) |
| 5:44 | Crear | Villager (Male) |
| 5:52 | Construir | House |
| 5:58 | Crear | Villager (Male) |
| 6:10 | Construir | House |
| 6:31 | Crear | Villager (Male) |
| 7:14 | Construir | Mill |
| 7:22 | Crear | Villager (Male) |
| 7:22 | Crear | Villager (Male) |
| 7:50 | Crear | Villager (Male) |
| 7:50 | Crear | Villager (Male) |
| 8:08 | Crear | Villager (Male) |
| 8:42 | Crear | Villager (Male) |
| 8:57 | Construir | Mining Camp |
| 9:21 | Investigar | Feudal Age |
| 10:19 | Construir | Lumber Camp |
| 11:21 | Crear | Villager (Male) |
| 11:21 | Crear | Villager (Male) |
| 11:31 | Edad | Edad Feudal |
| 11:35 | Construir | Market |
| 11:50 | Crear | Villager (Male) |
| 11:51 | Crear | Villager (Male) |
| 12:23 | Construir | Blacksmith |
| 12:56 | Investigar | Castle Age |
| 12:56 | Investigar | Castle Age |
| 13:05 | Construir | Stone Wall |
| 13:06 | Construir | Stone Wall |
| 13:15 | Investigar | Double-Bit Axe |
| 13:54 | Crear | Villager (Male) |
| 13:54 | Crear | Villager (Male) |
| 13:55 | Crear | Villager (Male) |
| 14:19 | Crear | Villager (Male) |
| 14:19 | Crear | Villager (Male) |
| 14:29 | Crear | Villager (Male) |
| 15:29 | Crear | Villager (Male) |
| 15:30 | Crear | Villager (Male) |
| 15:36 | Crear | Villager (Male) |
| 15:36 | Edad | Edad de los Castillos |
| 15:43 | Construir | Town Center |
| 16:02 | Construir | Town Center |
| 16:09 | Construir | Siege Workshop |
| 16:18 | Crear | Villager (Male) |
| 16:18 | Crear | Villager (Male) |
| 16:25 | Crear | Villager (Male) |
| 16:26 | Crear | Villager (Male) |
| 17:07 | Crear | Scorpion |
| 17:07 | Crear | Scorpion |
| 17:10 | Crear | Villager (Male) |
| 17:20 | Crear | Villager (Male) |
| 17:21 | Crear | Villager (Male) |
| 17:21 | Crear | Villager (Male) |
| 17:21 | Crear | Villager (Male) |
| 17:21 | Crear | Villager (Male) |
| 17:35 | Crear | Villager (Male) |
| 17:40 | Crear | Villager (Male) |
| 17:40 | Crear | Villager (Male) |
| 17:40 | Crear | Villager (Male) |
| 17:40 | Crear | Villager (Male) |
| 18:00 | Construir | House |
| 18:01 | Construir | House |
| 18:17 | Crear | Scorpion |
| 18:18 | Crear | Scorpion |
| 18:25 | Crear | Scorpion |
| 18:26 | Crear | Villager (Male) |
| 18:26 | Crear | Villager (Male) |
| 18:49 | Construir | Siege Workshop |
| 19:11 | Construir | Farm |
| 19:12 | Construir | Farm |
| 19:12 | Construir | Farm |
| 19:12 | Construir | Farm |
| 19:12 | Construir | Farm |
| 19:13 | Construir | Farm |
| 19:17 | Construir | Farm |
| 19:19 | Construir | Farm |
| 19:20 | Construir | Farm |
| 19:20 | Construir | Farm |
| 19:21 | Construir | Farm |
| 19:23 | Construir | Farm |
| 19:41 | Crear | Scorpion |
| 19:41 | Crear | Scorpion |
| 20:06 | Crear | Villager (Male) |
| 20:06 | Crear | Villager (Male) |
| 20:09 | Construir | Monastery |
| 20:14 | Construir | University |
| 20:15 | Crear | Villager (Male) |
| 20:15 | Crear | Villager (Male) |
| 20:33 | Crear | Villager (Male) |
| 20:34 | Crear | Villager (Male) |
| 20:44 | Crear | Villager (Male) |
| 20:44 | Crear | Villager (Male) |
| 20:57 | Crear | Villager (Male) |
| 20:58 | Crear | Villager (Male) |
| 20:58 | Crear | Villager (Male) |
| 21:00 | Construir | Farm |
| 21:02 | Construir | Farm |
| 21:04 | Construir | Farm |
| 21:08 | Crear | Villager (Male) |
| 21:14 | Crear | Villager (Male) |
| 21:21 | Construir | House |
| 21:22 | Construir | House |
| 21:28 | Investigar | Ballistics |
| 21:40 | Crear | Villager (Male) |
| 21:41 | Crear | Villager (Male) |
| 21:56 | Crear | Villager (Male) |
| 22:01 | Crear | Villager (Male) |
| 22:11 | Construir | Farm |
| 22:15 | Construir | Farm |
| 22:19 | Construir | Farm |
| 22:20 | Crear | Villager (Male) |
| 22:30 | Crear | Villager (Male) |
| 22:30 | Crear | Villager (Male) |
| 22:36 | Crear | Villager (Male) |
| 22:48 | Construir | House |
Cronología de la partida
| 0:17 | Bunjobia · wall_segment Palisade Wall x15 |
| 0:27 | Bunjobia · wall_segment Palisade Wall x17 |
| 1:06 | N4Fis · wall_segment Palisade Wall x6 |
| 1:08 | :) · wall_segment Palisade Wall x5 |
| 1:08 | Razer1286 · wall_segment Palisade Wall x11 |
| 1:15 | :) · wall_segment Palisade Wall x10 |
| 1:43 | Bunjobia · wall_segment Palisade Wall x8 |
| 1:58 | :) · wall_segment Palisade Wall x10 |
| 2:34 | :) · wall_segment Palisade Wall x1 |
| 6:01 | Razer1286 · wall_segment Palisade Wall x7 |
| 8:28 | :) · first_building Barracks |
| 11:10 | :) · wall_segment Palisade Wall x1 |
| 11:16 | :) · age_up feudal |
| 11:31 | N4Fis · age_up feudal |
| 12:37 | Razer1286 · age_up feudal |
| 12:45 | Bunjobia · age_up feudal |
| 13:05 | N4Fis · wall_segment Stone Wall x3 |
| 13:06 | N4Fis · wall_segment Stone Wall x4 |
| 13:46 | Bunjobia · first_market_buy 100 food |
| 13:48 | Bunjobia · first_market_sell 100 wood |
| 15:36 | N4Fis · age_up castle |
| 15:49 | N4Fis · first_market_buy 100 wood |
| 15:54 | Razer1286 · first_building Barracks |
| 15:55 | N4Fis · first_market_sell 100 food |
| 16:09 | N4Fis · first_building Siege Workshop |
| 16:11 | Razer1286 · wall_segment Palisade Wall x1 |
| 16:28 | Razer1286 · first_market_buy 100 wood |
| 16:44 | Razer1286 · age_up castle |
| 16:56 | Bunjobia · age_up castle |
| 16:58 | Bunjobia · first_building Castle |
| 17:02 | Bunjobia · first_building Monastery |
| 17:07 | Razer1286 · wall_segment Palisade Wall x1 |
| 17:20 | N4Fis · tribute_sent a jugador 1 |
| 17:20 | N4Fis · tribute_sent a jugador 2 |
| 17:20 | N4Fis · tribute_sent a jugador 3 |
| 17:32 | Razer1286 · first_building Archery Range |
| 18:49 | Razer1286 · wall_segment Stone Wall x10 |
| 19:23 | :) · wall_segment Stone Wall x11 |
| 19:26 | :) · first_market_buy 100 food |
| 19:28 | :) · first_market_sell 100 wood |
| 20:09 | N4Fis · first_building Monastery |
| 20:12 | Bunjobia · first_building Siege Workshop |
| 22:13 | :) · age_up castle |
| 23:33 | Razer1286 · wall_segment Stone Wall x6 |
| 23:35 | Razer1286 · wall_segment Stone Wall x6 |
| 24:14 | Razer1286 · wall_segment Stone Wall x1 |
| 25:08 | N4Fis · resign |
[ ANÁLISIS IA · 1 CRÉDITO ]
¿Qué pasó realmente en esta partida?
Wolo.gg analiza cada decisión: build order, eco, micro, errores típicos por bracket. Análisis personalizado por WhatsApp o Discord en 30 segundos.
Guía civ
Mapuche
Guía mapa
Black Forest
Perfil
Jugador #9008465